[Event "1000GM Spring Break Schev-C 2024"]
[Site "San Jose"]
[Date "2024.04.04"]
[Round "4.4"]
[White "Guo, Andrew"]
[Black "Zuluaga Mancilla, Cesar"]
[Result "1/2-1/2"]
[ECO "D11"]
[WhiteElo "2215"]
[BlackElo "2206"]
[Annotator "RC"]
[PlyCount "41"]
[EventDate "2024.03.28"]
[EventType "schev"]
[EventCountry "USA"]
[SourceTitle "playchess.com"]
[Source "ChessBase"]
[SourceQuality "1"]
[TimeControl "5400+30"]

1. d4 d5 2. c4 c6 3. Nf3 Nf6 4. Nbd2 a6 5. e3 Bf5 6. Be2 h6 7. O-O e6 8. b3 Nbd7 9. Bb2 Be7 10. a3 O-O 11. Rc1 a5 12. Ne1 Ne4 13. Nd3 Qb6 14. c5 Qc7 15. Nf3 Bh7 16. Nfe5 Nef6 17. b4 Nxe5 18. Nxe5 axb4 19. axb4 Nd7 20. Nxd7 Qxd7 21. Qb3 1/2-1/2

[Event "1000GM Spring Break Schev-C 2024"]
[Site "San Jose"]
[Date "2024.04.04"]
[Round "4.5"]
[White "Figueredo Losada, Leonel"]
[Black "Wang, Jeffery"]
[Result "0-1"]
[ECO "D00"]
[WhiteElo "2323"]
[BlackElo "2056"]
[Annotator "RC"]
[PlyCount "96"]
[EventDate "2024.03.28"]
[EventType "schev"]
[EventCountry "USA"]
[SourceTitle "playchess.com"]
[Source "ChessBase"]
[SourceQuality "1"]
[TimeControl "5400+30"]

1. d4 Nf6 2. Bg5 d5 3. Bxf6 exf6 4. e3 Bd6 5. Bd3 c6 6. Nd2 Be6 7. c4 dxc4 8. Bxc4 O-O 9. Ngf3 Qe7 10. O-O Nd7 11. Qc2 f5 12. Rfe1 Nf6 13. Bxe6 Qxe6 14. Rac1 Ne4 15. a3 a5 16. g3 Rfe8 17. Qb3 Qd7 18. Red1 a4 19. Qd3 Qe6 20. Nc4 Qf6 21. Qc2 Bc7 22. Ncd2 Bd6 23. Nb1 Qg6 24. Nc3 Nxc3 25. Nh4 Qg4 26. bxc3 f4 27. exf4 Bxa3 28. Ra1 Re2 29. Rd2 Rxd2 30. Qxd2 Bf8 31. d5 Qd7 32. c4 cxd5 33. Nf3 a3 34. Ne5 Qd6 35. cxd5 b5 36. Qd3 f6 37. Nc6 b4 38. Qb3 Re8 39. Ra2 Re1+ 40. Kg2 Rc1 41. Re2 Rc3 42. Qd1 b3 43. Re6 Qd7 44. Qd4 b2 45. Qe4 Rc5 46. Re8 Rb5 47. Qe6+ Qxe6 48. dxe6 Rb7 0-1

[Event "1000GM Spring Break Schev-C 2024"]
[Site "San Jose"]
[Date "2024.04.04"]
[Round "5.1"]
[White "Zhou, Ruoyu"]
[Black "Arenas, David"]
[Result "1/2-1/2"]
[ECO "B12"]
[WhiteElo "2149"]
[BlackElo "2366"]
[Annotator "RC"]
[PlyCount "109"]
[EventDate "2024.03.28"]
[EventType "schev"]
[EventCountry "USA"]
[SourceTitle "playchess.com"]
[Source "ChessBase"]
[SourceQuality "1"]
[TimeControl "5400+30"]

1. e4 c6 2. d4 d5 3. e5 Bf5 4. Nf3 e6 5. Be2 Ne7 6. O-O h6 7. c3 Nd7 8. Na3 a6 9. Nc2 c5 10. Ne3 Bg6 11. dxc5 Nxc5 12. c4 dxc4 13. Nxc4 Nd5 14. a4 Be7 15. Nd4 O-O 16. Be3 Nxe3 17. fxe3 Qd5 18. Rc1 Rad8 19. Bf3 Be4 20. Bxe4 Qxe4 21. Rc3 b5 22. axb5 axb5 23. Nd2 Qd5 24. Qf3 Bg5 25. N2b3 Nxb3 26. Rxb3 Qxe5 27. Nc6 Qd5 28. Rc3 Qxf3 29. gxf3 Rd2 30. Rf2 Rd1+ 31. Rf1 Rxf1+ 32. Kxf1 Bf6 33. Rc5 Bxb2 34. Rxb5 Bf6 35. Kg2 Rc8 36. Rb8 Rxb8 37. Nxb8 Be7 38. Nc6 Bc5 39. e4 f6 40. Na5 Kf7 41. Nc4 Ke7 42. Nb2 Kd7 43. Nd3 Bd6 44. f4 Kc6 45. Kf3 Bc7 46. h4 h5 47. Nf2 Kc5 48. Nh1 g6 49. f5 exf5 50. exf5 gxf5 51. Nf2 Kd4 52. Nh3 Kd5 53. Nf2 Ba5 54. Nd3 Bd2 55. Nf2 1/2-1/2

[Event "1000GM Spring Break Schev-C 2024"]
[Site "San Jose"]
[Date "2024.04.04"]
[Round "5.2"]
[White "Alarcon Bahamondez, Roberto Ignacio"]
[Black "Talwalkar, Vedant"]
[Result "1/2-1/2"]
[ECO "A83"]
[WhiteElo "2300"]
[BlackElo "2020"]
[Annotator "RC"]
[PlyCount "61"]
[EventDate "2024.03.28"]
[EventType "schev"]
[EventCountry "USA"]
[SourceTitle "playchess.com"]
[Source "ChessBase"]
[SourceQuality "1"]
[TimeControl "5400+30"]

1. d4 f5 2. Nc3 e6 3. e4 fxe4 4. Nxe4 Nf6 5. Bg5 Be7 6. Bxf6 Bxf6 7. Nf3 d5 8. Nxf6+ Qxf6 9. Bb5+ c6 10. Bd3 Nd7 11. O-O O-O 12. Re1 h6 13. c3 Re8 14. Qe2 a6 15. Rac1 c5 16. Bb1 g5 17. h3 c4 18. Qc2 Qg7 19. Re3 Nf6 20. Rce1 b5 21. Ne5 Ra7 22. Qe2 Rc7 23. Rg3 Nd7 24. Qh5 Nf6 25. Qd1 Nd7 26. h4 Rf8 27. hxg5 hxg5 28. Qd2 Nxe5 29. Rxe5 Kf7 30. Rexg5 Qf6 31. Rf3 1/2-1/2

[Event "1000GM Spring Break Schev-C 2024"]
[Site "San Jose"]
[Date "2024.04.04"]
[Round "5.3"]
[White "Zuluaga Mancilla, Cesar"]
[Black "Guo, Ethan"]
[Result "1/2-1/2"]
[ECO "D95"]
[WhiteElo "2206"]
[BlackElo "2211"]
[Annotator "RC"]
[PlyCount "84"]
[EventDate "2024.03.28"]
[EventType "schev"]
[EventCountry "USA"]
[SourceTitle "playchess.com"]
[Source "ChessBase"]
[SourceQuality "1"]
[TimeControl "5400+30"]

1. d4 Nf6 2. Nf3 g6 3. c4 Bg7 4. Nc3 d5 5. e3 O-O 6. Qb3 e6 7. Be2 Nc6 8. Qc2 dxc4 9. Bxc4 Nb4 10. Qb3 c5 11. O-O cxd4 12. Nxd4 Nbd5 13. Rd1 Nxc3 14. bxc3 Qa5 15. Ba3 Rd8 16. Bb4 Qb6 17. Qa3 Bf8 18. Bxf8 Rxf8 19. Rab1 Qc7 20. Be2 Ne4 21. Nb5 Qc5 22. Qa4 Nxc3 23. Nxc3 Qxc3 24. Bf3 a6 25. Bxb7 Bxb7 26. Rxb7 Rad8 27. Rdb1 Rd2 28. Qxa6 Qc2 29. Qf1 Rfd8 30. Re1 Kg7 31. Rbb1 Qxa2 32. Rbd1 Qc2 33. Rxd2 Rxd2 34. g3 h5 35. h4 e5 36. Rc1 Qb2 37. Rb1 Qc2 38. Rc1 Qf5 39. Qg2 Re2 40. Qf1 Qf3 41. Re1 Rd2 42. Qg2 Qxg2+ 1/2-1/2

[Event "1000GM Spring Break Schev-C 2024"]
[Site "San Jose"]
[Date "2024.04.04"]
[Round "5.4"]
[White "Guo, Andrew"]
[Black "Figueredo Losada, Leonel"]
[Result "1/2-1/2"]
[ECO "D07"]
[WhiteElo "2215"]
[BlackElo "2323"]
[Annotator "RC"]
[PlyCount "99"]
[EventDate "2024.03.28"]
[EventType "schev"]
[EventCountry "USA"]
[SourceTitle "playchess.com"]
[Source "ChessBase"]
[SourceQuality "1"]
[TimeControl "5400+30"]

1. d4 d5 2. c4 dxc4 3. Nf3 Nf6 4. e3 Bg4 5. Bxc4 e6 6. O-O Bd6 7. Nc3 Nc6 8. Be2 O-O 9. h3 Bh5 10. Qa4 a6 11. a3 h6 12. Rd1 Qe7 13. Qc2 Rad8 14. Nh4 Bxe2 15. Nxe2 Nh5 16. Nf3 f5 17. Nc3 Kh8 18. e4 e5 19. dxe5 Nxe5 20. Qe2 f4 21. Bd2 c6 22. Be1 Nxf3+ 23. Qxf3 Nf6 24. Rd4 Be5 25. Rxd8 Rxd8 26. Rd1 Rxd1 27. Nxd1 c5 28. Bc3 b5 29. Qd3 c4 30. Qc2 Qc5 31. Bxe5 Qxe5 32. Nc3 a5 33. Qd2 b4 34. axb4 axb4 35. Na2 Qxe4 36. Nxb4 f3 37. gxf3 Qxf3 38. Qc3 Qe4 39. Qd2 Qf5 40. Qe2 Ne4 41. Kg2 h5 42. Qe3 Qg6+ 43. Kf1 Nf6 44. Qc3 Qe4 45. Qc2 Qh1+ 46. Ke2 Qxh3 47. Qxc4 Qf5 48. Nd3 Qh3 49. Nb4 h4 50. Nd3 1/2-1/2

[Event "1000GM Spring Break Schev-C 2024"]
[Site "San Jose"]
[Date "2024.04.04"]
[Round "5.5"]
[White "Wang, Jeffery"]
[Black "Jimenez Garcia, Emmanuel"]
[Result "1-0"]
[ECO "B00"]
[WhiteElo "2056"]
[BlackElo "2421"]
[Annotator "TA"]
[PlyCount "69"]
[EventDate "2024.03.28"]
[EventType "schev"]
[EventCountry "USA"]
[SourceTitle "playchess.com"]
[Source "ChessBase"]
[SourceQuality "1"]
[TimeControl "5400+30"]

1. e4 b6 2. d4 Bb7 3. Bd3 d6 4. Nf3 Nd7 5. O-O e5 6. Re1 Ngf6 7. Nbd2 Be7 8. c3 {[%emt 0:04:15][%cal Bc2c3,Bc3d4,Bd4d5][%mdl 32] White is slightly better.} O-O 9. Nf1 Re8 10. Ng3 Bf8 11. h3 a6 12. a4 exd4 13. cxd4 c5 14. d5 g6 15. Bg5 Bg7 16. Qd2 Qc7 17. Bc4 Bc8 18. Bh6 Bh8 19. Qg5 (19. Bf4 $16) 19... Rb8 $1 $14 20. Nf5 (20. Qh4 $14) 20... Ne5 21. Nxe5 Rxe5 22. f4 $1 Rxe4 (22... Nxe4 23. fxe5 Bxf5 (23... Nxg5 $2 24. exd6 Bd4+ 25. Nxd4 $18) 24. Qh4 Bxe5 25. Rxe4 Bxe4 26. Qxe4 $11) (22... Re8 $1 $11 {remains equal.}) 23. Rxe4 $16 Bxf5 24. Re2 $36 {[%emt 0:01:20][%mdl 2048] White is in control.} b5 {[%emt 0:09:07] [#]} 25. axb5 (25. Rae1 $1 $16 {[%cal Og5f6] Black must now prevent Qxf6!} Qa5 (25... bxc4 $2 26. Qxf6 Bd7 27. Qe7 $18) 26. Kh2) 25... axb5 $11 26. Rae1 $1 {[%emt 0:02:46][%cal Og5f6] Hoping for Qxf6!} Bd7 (26... bxc4 $2 {is the wrong capture.} 27. Qxf6 Bd7 (27... Qd7 $2 28. Qxd6 Qxd6 29. Re8+ $18) 28. Qe7 $18) (26... Qa5 $1 $11 {keeps the balance.} 27. Ba2 (27. g4 $2 Be4 $19) 27... Bd3 (27... Qxa2 $2 28. Qxf6 $18)) 27. Bd3 $16 {[%emt 0:01:49] And now f5 would win.} c4 {[%emt 0:02:11] [#]} (27... Qd8 $16) 28. Bf5 $1 $18 {[%emt 0:02:07] Active counter play!} Qc8 (28... b4 {was necessary.}) 29. Bxd7 Nxd7 30. Qe7 Qc5+ (30... Bd4+ $142 31. Kh2 Bg7) 31. Kh1 {[%emt 0:01:59][%cal Oe7e8] Qe8+! would kill now.} Nf8 {[%emt 0:00:08] [#]} 32. f5 $1 {[%emt 0:02:25][%cal Bf4f5,Bf5f6][%mdl 544] f6 is the strong threat.} Qxd5 (32... c3 33. Bxf8) 33. f6 {[%emt 0:01:03][%cal Oe7f8] Wards off Bg7. Strongly threatening Qxf8+!} Qf5 {[%emt 0:02:42] [#] Black is weak on the dark squares} 34. Qxf8+ $3 Rxf8 35. Re8 {[%emt 0:00:06] Weighted Error Value: White=0.13 (very precise) /Black=0.43.  Mistake:       	White=3     	Black=5      Inaccurate:     	---       	Black=6      OK:         	White=6     	Black=3      Best:        	White=3     	Black=2      Strong:       	White=3     	Black=1      Brilliant:      	White=1     	---} 1-0